[Event "ICC tourney 3151 (60 10)"]
[Site "Internet Chess Club"]
[Date "2023.03.19"]
[Round "5"]
[White "RAYNES, PAUL:dumbunnyfish"]
[Black "Volkov, Sergey:Volkov"]
[Result "0-1"]
[ICCResult "White resigns"]
[WhiteElo "2139"]
[BlackElo "2503"]
[Opening "Queen's pawn, Mason variation, Steinitz counter-gambit"]
[ECO "D00"]
[NIC "QP.08"]
[Time "14:00:20"]
[PlyCount "92"]
[TimeControl "3600+10"]

1. d4 d5 2. Bf4 c5 3. e3 Nc6 4. Nf3 Nf6 5. Nbd2 cxd4 6. exd4 Nh5 7. Be3 g6
8. c3 Bg7 9. g3 O-O 10. Bg2 Bf5 11. O-O Qd7 12. Re1 Bh3 13. Bh1 h6 14. Nb3
Rad8 15. Nc5 Qc8 16. Nd3 Kh7 17. a4 Nf6 18. Nfe5 Bf5 19. Nf4 Be4 20. f3 Bf5
21. g4 Bd7 22. h4 Be8 23. g5 Nd7 24. Nxc6 Qxc6 25. Qc2 e5 26. dxe5 Nxe5 27.
Rad1 Qxa4 28. Qf2 Bc6 29. Bd4 Rfe8 30. h5 hxg5 31. hxg6+ fxg6 32. Qh2+ Kg8
33. Nh3 Nf7 34. Bxg7 Kxg7 35. Qg3 Qh4 36. Qxh4 gxh4 37. f4 Rxe1+ 38. Rxe1
Kf6 39. Bf3 a5 40. Kf2 d4 41. Bxc6 bxc6 42. cxd4 Rxd4 43. Rc1 Nd8 44. Ke3
Rb4 45. Rd1 Rb3+ 46. Ke4 Ne6 {White resigns} 0-1